 Dungeon Crawl Stone Soup version 0.30.0-10-gfe55d96785 (webtiles) character file.

Game seed: 6481397834559839578

1 Danienth the Grave Robber (level 1, -3/13 HPs)
             Began as a Demonspawn Necromancer on May 14, 2023.
             Slain by a gnoll
             ... wielding a +0 club
              (5 damage)
             ... on level 1 of the Dungeon.
             The game lasted 00:01:18 (49 turns).

Danienth the Grave Robber (Demonspawn Necromancer)    Turns: 49, Time: 00:01:19

Health: -3/13      AC:  2    Str:  8    XL:     1   Next: 16%
Magic:  0/3        EV: 12    Int: 16    God:
Gold:   0          SH:  0    Dex: 13    Spells: 3/4 levels left

rFire   . . .        c - +2 dagger (venom)
rCold   . . .        (no shield)
rNeg    . . .        a - +0 robe
rPois   .            (no helmet)
rElec   .            (no cloak)
rCorr   .            (no gloves)
SInv    .            (no boots)
Will    .....        (no amulet)
Stlth   ++           (no ring)
HPRegen 0.22/turn    (no ring)
MPRegen 0.08/turn

%: no passive effects
@: no status effects
A: no striking features
a: no special abilities


You were on level 1 of the Dungeon.
You visited 1 branch of the dungeon, and saw 1 of its levels.

Inventory:

Hand Weapons
 c - a +2 dagger of venom (weapon)
Armour
 a - a +0 robe (worn)
Potions
 b - a potion of magic


   Skills:
 + Level 1.7 Dodging
 + Level 1.7 Stealth
 + Level 2.0 Spellcasting
 + Level 4.4 Necromancy


You had 3 spell levels left.
You knew the following spells:

 Your Spells              Type           Power      Damage    Failure   Level
a - Necrotise             Necr           60%        1d7       3%          1

Your spell library contained the following spells:

 Spells                   Type           Power      Damage    Failure   Level
 Vampiric Draining        Necr           15%        2d7       10%         3
 Animate Dead             Necr           15%        N/A       32%         4
 Agony                    Necr           15%        N/A       67%         5


Dungeon Overview and Level Annotations

Branches:
Dungeon (1/15)

Altars:

Shops:
D:1 (


Message History

Your +2 dagger of venom begins to drip with poison!
c - a +2 dagger of venom (weapon)
Magic restored.
There is an entrance to Ufopt's Weapon Shoppe here.
Found a stone staircase leading down.
Your goblin skeleton crumbles into dust!
A gnoll comes into view. It is wielding a +0 club.
Aiming: Necrotise (safe; 3% risk of failure)
Press: ? - help, Q - select action Shift-Dir - straight line, f - gnoll
Aim: a gnoll, wielding a +0 club (asleep, chance to affect: 79%)
The gnoll shouts!
The gnoll writhes in agony.
You hear a shout!
Aiming: Necrotise (safe; 3% risk of failure)
Press: ? - help, Q - select action Shift-Dir - straight line, f/p - gnoll
Aim: a gnoll, wielding a +0 club (moderately wounded, chance to affect: 79%)
The gnoll barely resists.
A goblin comes into view. It is wielding a +0 dagger.
Aiming: Necrotise (safe; 3% risk of failure)
Press: ? - help, Q - select action Shift-Dir - straight line, f/p - gnoll
Aim: a gnoll, wielding a +0 club (moderately wounded, chance to affect: 79%)
The gnoll writhes in agony.
The goblin shouts!
You hit the gnoll but do no damage.
The gnoll is poisoned.
The gnoll is heavily wounded.
The gnoll hits you with a +0 club.
A goblin comes into view. It is wielding a +0 dagger.
You hit the gnoll.
The gnoll is severely wounded.
A jackal comes into view.
The gnoll hits you with a +0 club!
Ouch! That really hurt!
* * * LOW HITPOINT WARNING * * *
You are too injured to fight recklessly!
You don't have enough magic to cast this spell.
You hit the gnoll.
The gnoll looks as sick as possible!
The gnoll is severely wounded.
A jackal comes into view.
The gnoll hits you with a +0 club.
You die...

##.........#.###
######...........##..#..
#..........###..........
..#####....##..# .......
#.....#.###.......
#.........#.......
#....#.##.#....$..
#.....>#..g.......
#.........@..g..g.
####........?...h.
.......#...###.h
..#.......##
#......#..## ..##..#.##
.. ..... ... ..


You could see a gnoll (extremely poisoned), 2 jackals and 2 goblins.

Vanquished Creatures
  A goblin (D:1)
1 creature vanquished.

Notes
Turn   | Place    | Note
-------+----------+-------------------------------------------
     0 | D:1      | Danienth the Demonspawn Necromancer began the quest for the
                  | Orb.
     0 | D:1      | Reached XP level 1. HP: 13/13 MP: 3/3
     9 | D:1      | Found Ufopt's Weapon Shoppe.
    49 | D:1      | Slain by a gnoll

Illustrated notes

Levels and vault maps discovered:
D:1:      minmay_arrival_shattered_statue, layout_rooms, serial_shops, shop,
          minmay_misc_feat_enclosed

Action                     || total
---------------------------++-------
  Melee: Dagger            ||     3
   Cast: Necrotise         ||     4
